 Dungeon Crawl Stone Soup version 0.16.1-16-gc44b35d (webtiles) character file.

79 jacksonaction the Magician (level 4, -1/33 HPs)
             Began as a Hill Orc Wizard on Apr 17, 2015.
             Asphyxiated
             ... on level 3 of the Dungeon.
             The game lasted 00:19:39 (3376 turns).

jacksonaction the Magician (Hill Orc Wizard)        Turns: 3376, Time: 00:19:39

Health: -1/33      AC:  2    Str: 14    XL:     4   Next: 38%
Magic:  5/9        EV: 12    Int: 19    God:
Gold:   87         SH:  0    Dex:  9    Spells: 3 memorised, 3 levels left

rFire  . . .     SeeInvis .     s - +0 short sword
rCold  . . .     Clarity  .     a - +0 robe
rNeg   . . .     SustAb   .     (no shield)
rPois  .         Gourm    .     b - +0 hat
rElec  .         Spirit   .     (no cloak)
rCorr  .         Warding  .     (no gloves)
rMut   .         Stasis   .     (no boots)
MR     .....                    (no amulet)
Stlth  ++........               (no ring)
                                l - +5 ring of strength

@: lethally poisoned (-1 -> -41), short of breath, very slightly contaminated,
slowed, very slow, not resistant to hostile enchantments, unstealthy
A: no striking features
a: no special abilities


You were on level 3 of the Dungeon.
You were not hungry.

You visited 1 branch of the dungeon, and saw 3 of its levels.

You collected 87 gold pieces.

Inventory:

Hand weapons
 s - a +0 short sword (weapon)
Missiles
 g - 92 stones (quivered)
Armour
 a - a +0 robe (worn)
 b - a +0 hat (worn)
Jewellery
 l - a +5 ring of strength (left hand)
Magical devices
 r - a wand of heal wounds (3)
Scrolls
 e - 4 scrolls of identify
 f - a scroll of recharging {unknown}
 n - a scroll of immolation {unknown}
 o - 2 scrolls of remove curse
 q - a scroll of teleportation {unknown}
 t - a scroll of magic mapping {unknown}
Potions
 h - a potion of haste {unknown}
 i - a potion of curing {unknown}
 m - a potion of magic {unknown}
 p - a potion of poison {unknown}
 u - a potion of restore abilities {unknown}
 w - a potion of heal wounds {unknown}
Books
 c - a book of Minor Magic

   Spells                             Type                      Level
   a - Magic Dart                     Conjuration                  1
   b - Blink                          Translocation                2
   c - Call Imp                       Summoning                    2
   d - Repel Missiles                 Charms/Air                   2
   e - Slow                           Hexes                        2
   f - Conjure Flame                  Conjuration/Fire             3
   g - Mephitic Cloud                 Conjuration/Poison/Air       3
Miscellaneous
 x - a plain deck of escape
Comestibles
 d - 2 meat rations
 j - a slice of pizza
 k - a bread ration
 v - 2 chunks of flesh


   Skills:
 - Level 1.5 Dodging
 - Level 1.5 Stealth
 + Level 3.4 Spellcasting
 + Level 1.6 Conjurations
 - Level 2.0 Summonings
   Level 0.7 Translocations


You had 3 spell levels left.
You knew the following spells:

 Your Spells              Type           Power        Failure   Level  Hunger
a - Magic Dart            Conj           #...         10%         1    None
b - Call Imp              Summ           ##......     12%         2    ##.....
c - Mephitic Cloud        Conj/Pois/Air  #.......     38%         3    ###....


Dungeon Overview and Level Annotations

Branches:
Dungeon (3/15)

Altars:
Kikubaaqudgha
Nemelex Xobeh


Message History

You are very lightly contaminated with residual magic.
Your brain hurts!
You feel very sick.
The kobold shoots a curare-tipped needle.
The curare-tipped needle hits you.
You are more poisoned.
You have difficulty breathing.
You feel as though you will be slow longer.
Casting: Call Imp
Confirm with . or Enter, or press ? or * to list all spells.
A beastly little devil appears in a puff of flame.
* * * LOW HITPOINT WARNING * * *
You feel very sick.
The kobold shoots a curare-tipped needle.
The curare-tipped needle closely misses you.
The kobold shoots a curare-tipped needle.
The curare-tipped needle hits you.
You are more poisoned.
You have difficulty breathing.
You die...

### ..# #.# #l#
#K# #.# #@#
#(#############
#(5.....[......
#####.#########
#.##########
#.#........#
#.#.######.#
#.#.# #.#.
#.#.# #.#.#


You could see a giant gecko, a kobold and a friendly crimson imp.

Vanquished Creatures
  A gnoll (D:1)
  A giant gecko (D:2)
  An ooze (D:1)
  A ball python (D:2)
  7 bats
  A bat zombie (D:2)
  2 giant cockroaches (D:1)
  4 goblins
  2 hobgoblins (D:1)
  2 kobolds
  A quokka (D:3)
  A giant newt (D:1)
  4 jackals
  8 rats
36 creatures vanquished.

Vanquished Creatures (collateral kills)
  3 adders (D:2)
  A worm (D:2)
  2 ball pythons (D:2)
  2 bat zombies (D:2)
  4 goblins (D:2)
  A hobgoblin (D:2)
  8 jackals
  A bat (D:2)
  A giant cockroach (D:2)
  A giant newt (D:2)
  6 kobolds (D:2)
  A rat (D:2)
31 creatures vanquished.

Vanquished Creatures (others)
  A shadow imp (D:2)
1 creature vanquished.

Grand Total: 68 creatures vanquished

Notes
Turn   | Place    | Note
--------------------------------------------------------------
     0 | D:1      | jacksonaction, the Hill Orc Wizard, began the quest for the Orb.
     0 | D:1      | Reached XP level 1. HP: 14/14 MP: 3/3
   612 | D:1      | Reached XP level 2. HP: 20/20 MP: 3/5
   616 | D:1      | Learned a level 2 spell: Call Imp
  1042 | D:1      | Reached skill level 3 in Spellcasting
  1311 | D:1      | Reached XP level 3. HP: 26/26 MP: 2/8
  1316 | D:1      | Learned a level 3 spell: Mephitic Cloud
  2529 | D:2      | Reached XP level 4. HP: 29/33 MP: 4/9
  2906 | D:2      | Found an ancient bone altar of Kikubaaqudgha.
  3131 | D:3      | Found a sparkling altar of Nemelex Xobeh.
  3376 | D:3      | Asphyxiated

Action                   |  1- 3 |  4- 6 || total
-------------------------+-------+-------++-------
Melee: Unarmed           |    26 |     7 ||    33
       Short sword       |       |    28 ||    28
Throw: Stone             |    17 |     2 ||    19
 Cast: Magic Dart        |    71 |     4 ||    75
       Call Imp          |    23 |    13 ||    36
  Use: Scroll            |       |     1 ||     1
 Stab: Distracted        |     1 |       ||     1
  Eat: Chunk             |     6 |     3 ||     9
